 Dungeon Crawl Stone Soup version 0.24-a0-520-g8fd06ad (webtiles) character file.

Game seed: 5398130524912484088

56 robbits the Slasher (level 3, -1/29 HPs)
             Began as a Demonspawn Chaos Knight on July 26, 2019.
             Was a Plaything of Xom.
             Slain by an adder (5 damage)
             ... on level 2 of the Dungeon.
             The game lasted 00:01:03 (982 turns).

robbits the Slasher (Demonspawn Chaos Knight)        Turns: 982, Time: 00:01:03

Health: -1/29      AC:  5    Str: 13    XL:     3   Next: 71%
Magic:  3/3        EV: 11    Int: 13    God:    Xom [..*...]
Gold:   133        SH:  3    Dex: 12    Spells: 2/2 levels left

rFire    . . .     SeeInvis .   a - +0 falchion (chaos)
rCold    . . .     Gourm    .   d - +0 buckler
rNeg     . . .     Faith    .   b - +2 leather armour
rPois    .         Spirit   .   (no helmet)
rElec    .         Reflect  .   (no cloak)
rCorr    .         Harm     .   (no gloves)
MR       .....                  (no boots)
Stlth    +.........             (no amulet)
HPRegen  0.09/turn              (no ring)
MPRegen  0.08/turn              (no ring)

@: no status effects
A: powered by death 1
a: Renounce Religion


You were on level 2 of the Dungeon.
You worshipped Xom.
You were a toy of Xom.
You were not hungry.

You visited 1 branch of the dungeon, and saw 2 of its levels.

You collected 133 gold pieces.

Inventory:

Hand Weapons
 a - a +0 falchion of chaos (weapon)
Armour
 b - a +2 leather armour (worn)
 d - a +0 buckler (worn)
Scrolls
 e - a scroll of identify
 i - a scroll of amnesia {unknown}
Potions
 f - a potion of ambrosia
 h - 2 potions of lignification
Comestibles
 c - 3 rations


   Skills:
 + Level 3.3 Fighting
 * Level 3.3 Long Blades
 + Level 2.2 Armour
 + Level 1.5 Dodging
 + Level 0.7 Shields


You had 2 spell levels left.
You didn't know any spells.
Your spell library was empty.

Dungeon Overview and Level Annotations

Branches:
Dungeon (2/15)

Altars:

Annotations:
D:2 Robin


Innate Abilities, Weirdness & Mutations

You regenerate a little health from kills.


Message History

You hit something. Something bites you but does no damage.
You miss something.
You feel sick. Something bites you.
* * * LOW HITPOINT WARNING * * *
Something bites you.
* * * LOW HITPOINT WARNING * * *
You hit something. Something bites you.
* * * LOW HITPOINT WARNING * * *
Something bites you but does no damage.
It was a potion of curing.
You feel better.
Xom thinks this is hilarious!
Something bites you.
You closely miss something. Something bites you but does no damage.
You closely miss something. Something bites you.
* * * LOW HITPOINT WARNING * * *
Something bites you.
* * * LOW HITPOINT WARNING * * *
You hit something but do no damage. Something bites you but does no damage.
Something bites you.
You die... "Boring in life, boring in death..."

#.....#######.......#≈##..##≈#
#.....# #......##≈#≈..≈#≈#
#.....# #......##≈......≈#
####'########......##≈.....§§#
#.#.......|.....##≈#§..≈#≈#
#.....####.#.....#≈##..##≈#
###.#.####.#.#####≈≈≈..§≈§#
#.#.#.........#####''####
#.#.#.##@#.##.# #..# #.#.#
#{#... #.##### ..#.# #.# ###
#..)... ###.# #.. ####### .#
... ####


There were no monsters in sight!

Vanquished Creatures
  Terence (D:2)
  2 dart slugs (D:1)
  A leopard gecko (D:2)
  2 giant cockroaches (D:2)
  5 goblins (D:1)
  A hobgoblin (D:1)
  3 bats (D:1)
  6 frilled lizards
  2 kobolds (D:1)
  5 rats
28 creatures vanquished.

Notes
Turn   | Place    | Note
-------+----------+-------------------------------------------
     0 | D:1      | robbits the Demonspawn Chaos Knight began the quest for the
                  | Orb.
     0 | D:1      | Reached XP level 1. HP: 18/18 MP: 1/1
    12 | D:1      | Reached skill level 1 in Dodging
   143 | D:1      | Gained mutation: You regenerate a little health from kills.
                  | [demonic ancestry]
   143 | D:1      | Reached XP level 2. HP: 24/24 MP: 2/2
   504 | D:1      | XOM: smoke on damage
   536 | D:1      | XOM: harmless Chrm miscast
   616 | D:2      | Noticed Robin
   822 | D:2      | Reached XP level 3. HP: 28/29 MP: 3/3
   836 | D:2      | Noticed Terence
   849 | D:2      | Killed Terence
   982 | D:2      | Slain by an adder

Levels and vault maps discovered:
D:1:      minmay_arrival_cross, layout_loops_ring, chequers_avenue,
          minmay_pentomino_s4
D:2:      layout_basic, first_ration, kennysheep_generic_room_5, uniq_robin,
          uniq_terence

Skill      XL: |  1  2 |
---------------+-------+-----
Dodging        | 1 |  1.5
Armour         | 2 |  2.2
Long Blades    | 3 |  3.3
Fighting       | |  3.3
Shields        | |  0.7

Action                   || total
-------------------------++-------
Melee: Falchion          ||    87
  Use: Scroll            ||     3
       Potion            ||     1
 Stab: Paralysed         ||     8
Armor: Leather armour    ||    29
Dodge: Dodged            ||    32
Block: Buckler           ||     9
       Rpst.: Falchion   ||    10

Table legend:
 A = Non-vault XP
 B = Vault XP
 C = Vault XP percentage of total XP
 D = Non-vault monster count
 E = Vault monster count
 F = Vault count percentage of total count
                 A         B        C        D         E       F
            +---------+---------+-------+---------+---------+-------
      Total |      34 |      47 |  58.0 |      20 |       8 |  28.6
            +---------+---------+-------+---------+---------+-------
        D:1 |      32 |       4 |  11.1 |      18 |       4 |  18.2
        D:2 |       2 |      43 |  95.6 |       2 |       4 |  66.7
            +---------+---------+-------+---------+---------+-------
